 Dungeon Crawl Stone Soup version 0.30-a0-622-gddc90eaa04 (webtiles) character file.

Game seed: 2138586282760872483

1566 testman the Ruffian (level 8, 0/91 HPs)
             Began as a Gnoll Wanderer on Jan 10, 2023.
             Was a Priest of Trog.
             Slain by a steam dragon (1 damage)
             ... on level 7 of the Dungeon.
             The game lasted 00:13:03 (5960 turns).

testman the Ruffian (Gnoll Wanderer)                Turns: 5960, Time: 00:13:04

Health: 0/91       AC: 10    Str: 17    XL:     8   Next: 90%
Magic:  22/22      EV: 12    Int:  8    God:    Trog [***...]
Gold:   413        SH:  4    Dex: 10    Spells: 14/14 levels left

rFire   + . .      SeeInvis .    a - +0 war axe
rCold   . . .      Faith    +    I - +0 buckler
rNeg    + + .      Spirit   .    g - +0 ring mail {Will+}
rPois   +          Reflect  .    u - +0 helmet
rElec   +          Harm     +    r - scarf {harm}
rCorr   .          Rampage  .    A - +2 pair of gloves
Will    +....                    (no boots) Stlth
                                 K - amulet "Yriewut" {Faith rElec rPois rN++ Int-2}
HPRegen 0.35/turn                y - ring of magical power
MPRegen 0.18/turn                J - ring of protection from fire

@: berserking, very quick
A: fangs 1, strong nose, distributed training
a: Renounce Religion, Berserk, Trog's Hand


You were on level 7 of the Dungeon.
You worshipped Trog.
Trog was most pleased with you.
You visited 1 branch of the dungeon, and saw 7 of its levels.

You collected 413 gold pieces.

Inventory:

Hand Weapons
 a - a +0 war axe (weapon)
 e - a +0 trident
 k - a +0 dagger of venom
 o - a +0 short sword of electrocution
 G - a +0 shortbow
Missiles
 D - 10 poisoned darts (quivered)
 H - 6 boomerangs
Armour
 c - a +1 chain mail of poison resistance
 g - a +0 ring mail of willpower (worn)
 r - a scarf of harm (worn)
 u - a +0 helmet (worn)
 w - a scarf of invisibility
 A - a +2 pair of gloves (worn)
 I - a +0 buckler (worn)
Jewellery
 y - a ring of magical power (left hand)
 J - a ring of protection from fire (right hand)
 K - the amulet "Yriewut" (around neck) {Faith rElec rPois rN++ Int-2}
   (You found it on level 5 of the Dungeon)

   [amulet of faith]

   It allows you to gain divine favour quickly.
   Int:       It affects your intelligence (-2).
   rElec:     It insulates you from electricity.
   rPois:     It protects you from poison.
   rN:        It greatly protects you from negative energy.
 N - a ring of fire
Scrolls
 f - 3 scrolls of teleportation {unknown}
 i - 2 scrolls of immolation {unknown}
 s - 2 scrolls of magic mapping {unknown}
 t - 7 scrolls of identify {unknown}
 v - 2 scrolls of noise {unknown}
 z - 4 scrolls of fog {unknown}
 B - a scroll of butterflies {unknown}
 C - 5 scrolls of fear {unknown}
 E - a scroll of amnesia {unknown}
 L - 2 scrolls of blinking {unknown}
 M - a scroll of enchant weapon {unknown}
Potions
 b - 6 potions of curing
 d - 2 potions of berserk rage
 h - 2 potions of lignification {unknown}
 j - a potion of degeneration {unknown}
 l - 4 potions of flight {unknown}
 m - 2 potions of resistance {unknown}
 n - a potion of attraction {unknown}
 p - 2 potions of mutation {unknown}
 q - a potion of might {unknown}
 x - a potion of cancellation {unknown}
 F - 2 potions of invisibility {unknown}
 O - a potion of heal wounds {unknown}


   Skills:
 + Level 4.6 Fighting
 + Level 3.8 Short Blades
 + Level 3.8 Long Blades
 + Level 6.0 Axes
 + Level 3.8 Maces & Flails
 + Level 3.8 Polearms
 + Level 3.8 Staves
 + Level 3.8 Ranged Weapons
 + Level 3.8 Throwing
 + Level 4.6 Armour
 + Level 6.0 Dodging
 + Level 3.8 Stealth
 + Level 3.8 Shields
 + Level 7.6 Unarmed Combat
 + Level 3.8 Spellcasting
 + Level 3.1 Conjurations
 + Level 3.1 Hexes
 + Level 3.1 Summonings
 + Level 3.1 Necromancy
 + Level 3.1 Translocations
 + Level 3.1 Transmutations
 + Level 3.1 Fire Magic
 + Level 3.1 Ice Magic
 + Level 3.1 Air Magic
 + Level 3.1 Earth Magic
 + Level 3.1 Poison Magic
 + Level 5.0 Invocations
 + Level 3.8 Evocations


You had 14 spell levels left.
You didn't know any spells.
Your spell library was empty.

Dungeon Overview and Level Annotations

Branches:
Dungeon (7/15)             Temple (0/1) D:7

Altars:
Ashenzari
Nemelex Xobeh
Trog
Uskayaw
Zin

Shops:
D:4 (   D:7 *


Innate Abilities, Weirdness & Mutations

You have very sharp teeth.
Your uncanny sense of smell can sniff out nearby items.
Your experience applies equally to all skills.


Message History

Okay, then.
A red film seems to cover your vision as you go berserk!
You feel yourself moving faster!
You feel mighty!
You can no longer call in reinforcements.
The killer bee stings you!
* * * LOW HITPOINT WARNING * * *
The killer bee stings you but does no damage.
You closely miss the killer bee. Your bite misses the killer bee.
The killer bee is severely wounded.
You block the killer bee's attack. The killer bee closely misses you.
You closely miss the killer bee.
The killer bee is severely wounded.
The killer bee stings you but does no damage.
You barely miss the killer bee.
The killer bee is severely wounded.
You feel the effects of Trog's Hand fading.
The killer bee stings you but does no damage. x2
You slash the killer bee!
You feel the power of Trog in you as your rage grows.
You kill the killer bee!
Trog accepts your kill.
You closely miss the steam dragon. You closely miss the steam dragon.
Your bite misses the steam dragon.
The steam dragon bites you but does no damage.
The steam dragon claws you.
* * * LOW HITPOINT WARNING * * *
You barely miss the steam dragon. The steam dragon breathes steam at you.
The ball of steam hits you. You resist.
* * * LOW HITPOINT WARNING * * *
You slash the steam dragon!
The steam dragon is heavily wounded.
The steam dragon breathes steam at you. The ball of steam hits you. You resist.
* * * LOW HITPOINT WARNING * * *
You slash the steam dragon!
The steam dragon is almost dead.
Your skin stops crawling.
You feel less strong-willed. The steam dragon bites you.
You die...

#'#'#......#.#.#
#...#.####..#
.###....####'#.#####...#.#
#.#
..#..#####................
.# #.....<# #......####.
.. . ##'#######......# ..
................# #...
................# .....
.............#..##......
.............#§§@D......
############.#.###......
#.#.# ..... .#.# ∆.... .#.
..⌠ #. .. #. > #.


You could see a steam dragon (catching breath).

Vanquished Creatures
  Sigmund (D:2)
  2 ogres (D:5)
  2 centaurs
  A phantom (D:4)
  A bullfrog (D:6)
  4 scorpions
  5 killer bees (D:7)
  2 hounds
  2 jellies (D:5)
  Terence (D:3)
  3 orc wizards
  An iguana (D:4)
  A gnoll (D:1)
  8 adders
  2 white imps
  3 ufetubi
  3 worms
  4 dart slugs
  9 orcs
  12 endoplasms
  2 giant cockroaches
  6 goblins
  5 hobgoblins
  10 jackals
  7 kobolds
  5 quokkas
  11 ball pythons
  4 bats
  9 frilled lizards
  5 rats
131 creatures vanquished.

Vanquished Creatures (others)
  An iguana (D:4)
1 creature vanquished.

Grand Total: 132 creatures vanquished

Notes
Turn   | Place    | Note
-------+----------+-------------------------------------------
     0 | D:1      | testman the Gnoll Wanderer began the quest for the Orb.
     0 | D:1      | testman set off with the following items: a +0 war axe, a
                  | potion of curing, a +0 pair of gloves, a potion of berserk
                  | rage, a +0 leather armour.
     0 | D:1      | Reached XP level 1. HP: 17/17 MP: 2/2
    89 | D:1      | Reached XP level 2. HP: 23/23 MP: 3/3
   200 | D:1      | Found a faded altar of an unknown god.
   214 | D:1      | Prayed at the altar of an unknown god.
   214 | D:1      | Became a worshipper of Trog the Wrathful
   214 | D:1      | Reached * piety under Trog
   293 | D:1      | Reached XP level 3. HP: 24/28 MP: 4/4
   895 | D:2      | Reached skill level 1 in Short Blades
   895 | D:2      | Reached skill level 1 in Long Blades
   895 | D:2      | Reached skill level 1 in Maces & Flails
   895 | D:2      | Reached skill level 1 in Polearms
   895 | D:2      | Reached skill level 1 in Staves
   895 | D:2      | Reached skill level 1 in Ranged Weapons
   895 | D:2      | Reached skill level 1 in Throwing
   895 | D:2      | Reached skill level 1 in Stealth
   895 | D:2      | Reached skill level 1 in Shields
   895 | D:2      | Reached skill level 1 in Spellcasting
   895 | D:2      | Reached skill level 1 in Evocations
  1120 | D:2      | Reached XP level 4. HP: 28/34 MP: 6/6
  1210 | D:2      | Reached ** piety under Trog
  1421 | D:2      | Reached skill level 1 in Conjurations
  1421 | D:2      | Reached skill level 1 in Hexes
  1421 | D:2      | Reached skill level 1 in Summonings
  1421 | D:2      | Reached skill level 1 in Necromancy
  1421 | D:2      | Reached skill level 1 in Translocations
  1421 | D:2      | Reached skill level 1 in Transmutations
  1421 | D:2      | Reached skill level 1 in Fire Magic
  1421 | D:2      | Reached skill level 1 in Ice Magic
  1421 | D:2      | Reached skill level 1 in Air Magic
  1421 | D:2      | Reached skill level 1 in Earth Magic
  1421 | D:2      | Reached skill level 1 in Poison Magic
  1621 | D:2      | Noticed Sigmund
  1625 | D:2      | Killed Sigmund
  1626 | D:2      | Reached skill level 5 in Axes
  1626 | D:2      | Reached skill level 5 in Dodging
  1626 | D:2      | Reached XP level 5. HP: 41/41 MP: 7/7
  1626 | D:2      | Reached XP level 6. HP: 47/47 MP: 8/8
  2160 | D:3      | Found a broken altar of Ashenzari.
  2579 | D:3      | Found a glowing silver altar of Zin.
  2763 | D:3      | Noticed Terence
  2777 | D:3      | Killed Terence
  3169 | D:4      | Found Pocamoo's Weapon Shop.
  3189 | D:4      | Reached *** piety under Trog
  3240 | D:4      | Reached skill level 7 in Unarmed Combat
  3240 | D:4      | Reached XP level 7. HP: 28/52 MP: 10/10
  3639 | D:4      | Found a hide-covered altar of Uskayaw.
  3865 | D:5      | Entered Level 5 of the Dungeon
  4043 | D:5      | Reached XP level 8. HP: 47/60 MP: 12/12
  4390 | D:5      | Identified the amulet "Yriewut" {Faith rElec rPois rN++
                  | Int-2}
  5025 | D:6      | Reached **** piety under Trog
  5726 | D:7      | Found Vuepn's Overcharged Wands.
  5877 | D:7      | Found a sparkling altar of Nemelex Xobeh.
  5909 | D:7      | Found a staircase to the Ecumenical Temple.
  5934 | D:7      | Reached skill level 5 in Invocations
  5959 | D:7      | HP: 1/91 [steam dragon/ball of steam (7)]
  5960 | D:7      | Slain by a steam dragon

Illustrated notes

Levels and vault maps discovered:
D:1:      dpeg_arrival_chambers_temple_mockup, layout_basic,
          hellmonk_ecumenical_altar_dog_temple, minmay_misc_feat_nine_boxes
D:2:      layout_loops_corners, minmay_shallow_snake_nest, uniq_sigmund
D:3:      layout_basic, evilmike_ruin_ashenzari, mainiacjoe_overflow_paths,
          uniq_terence
D:4:      layout_cave_pools, mainiacjoe_overflow_concentric_impassable,
          serial_shops, nicolae_shop_crystal
D:5:      layout_basic
D:6:      layout_basic, corexii_corridor_pit
D:7:      layout_basic, nemelex_diamond_rough_becter, temple_fountains,
          nicolae_zen_rock_garden, nicolae_shop_overcharged_wands, uniq_menkaure

Skill      XL: |  1  2  3  4  5  6  7  8 |
---------------+-------------------------+-----
Short Blades   | 1 2 3 |  3.8
Long Blades    | 1 2 3 |  3.8
Maces & Flails | 1 2 3 |  3.8
Polearms       | 1 2 3 |  3.8
Staves         | 1 2 3 |  3.8
Ranged Weapons | 1 2 3 |  3.8
Throwing       | 1 2 3 |  3.8
Stealth        | 1 2 3 |  3.8
Shields        | 1 2 3 |  3.8
Spellcasting   | 1 2 3 |  3.8
Evocations     | 1 2 3 |  3.8
Conjurations   | 1 2 3 |  3.1
Hexes          | 1 2 3 |  3.1
Summonings     | 1 2 3 |  3.1
Necromancy     | 1 2 3 |  3.1
Translocations | 1 2 3 |  3.1
Transmutations | 1 2 3 |  3.1
Fire Magic     | 1 2 3 |  3.1
Ice Magic      | 1 2 3 |  3.1
Air Magic      | 1 2 3 |  3.1
Earth Magic    | 1 2 3 |  3.1
Poison Magic   | 1 2 3 |  3.1
Fighting       | 3 4 |  4.6
Axes           | 5 6 |  6.0
Armour         | 3 4 |  4.6
Dodging        | 5 6 |  6.0
Invocations    | 3 4 5 |  5.0
Unarmed Combat | 7 |  7.6

Action                   |  1- 3 |  4- 6 |  7- 9 || total
-------------------------+-------+-------+-------++-------
Melee: War axe           |   112 |   147 |   173 ||   432
       Bite              |     9 |    10 |    19 ||    38
       Punch             |     2 |     5 |     3 ||    10
Throw: Boomerang         |       |       |     1 ||     1
Invok: Berserk           |       |     1 |     2 ||     3
       Trog's Hand       |       |       |     1 ||     1
 Stab: Sleeping          |       |     1 |       ||     1
Armor: Leather armour    |     8 |       |       ||     8
       Ring mail         |    36 |    35 |    34 ||   105
       Chain mail        |       |    28 |    88 ||   116
Dodge: Dodged            |    77 |    92 |   129 ||   298
Block: Buckler           |       |       |    30 ||    30

Table legend: (Time is in decaauts)
 A = Elapsed time spent in this place.
 B = Non-inter-level travel time spent in this place.
 C = Inter-level travel time spent in this place.
 D = Time resting spent in this place.
 E = Time spent auto-exploring this place.
 F = Levels seen in this place.
 G = Mean time per level.
                   A        B        C        D        E       F      G
               +--------+--------+--------+--------+--------+-----+--------+
         Total |   6079 |   5856 |    223 |    116 |   4723 |   7 |  868.4 |
       Dungeon |   6079 |   5856 |    223 |    116 |   4723 |   7 |  868.4 |
               +--------+--------+--------+--------+--------+-----+--------+

Top non-repeatable levels by time:
     D:2: 1274 daAuts
     D:3: 1121 daAuts
     D:6: 980 daAuts
     D:5: 824 daAuts
     D:1: 811 daAuts
     D:4: 745 daAuts
     D:7: 323 daAuts
